 Dungeon Crawl Stone Soup version 0.30-a0-341-g682706514a (webtiles) character file.

Game seed: 12651605587821926252

36754 Engwar the Brawler (level 13, -6/126 (132) HPs)
             Began as a Troll Fighter on Nov 2, 2022.
             Was an Elder of Wu Jian.
             Mangled by a profane servitor
             ... wielding a +1 whip
              (13 damage)
             ... on level 1 of the Abyss.
             The game lasted 00:38:41 (12686 turns).

Engwar the Brawler (Troll Fighter)                 Turns: 12686, Time: 00:38:42

HP:   -6/126 (132)  AC: 13    Str: 26    XL:     13   Next: 54%
MP:   0/12          EV: 11    Int:  7    God:    Wu Jian [****..]
Gold: 747           SH: 12    Dex: 10    Spells: 10/12 levels left

rFire   + + +      SeeInvis .      - Unarmed
rCold   + + +      Faith    .    K - +2 shield of Resistance {rF++ rC++ Will++}
rNeg    + . .      Spirit   +    m - +2 robe {rC+ rF+}
rPois   +          Reflect  .    (helmet restricted)
rElec   .          Harm     .    e - +2 ratskin cloak {*Rats rPois rN+ Str-1 Int-1 Dex+1}
rCorr   .          Rampage  .    (gloves unavailable)
Will    ++...                    (boots unavailable)
Stlth   +.........               f - amulet of guardian spirit
HPRegen 1.21/turn                j - +4 ring of protection
MPRegen 0.13/turn                E - +4 ring of slaying

@: about to teleport, hasted, wreathed by umbra, studying Ranged Weapons,
lightly drained, very quick
A: large, unfitting armour, claws 3, regeneration 1, shaggy fur 1, tough skin 1
a: Renounce Religion, Wall Jump, Serpent's Lash


You were on level 1 of the Abyss.
You worshipped Wu Jian.
Wu Jian was greatly pleased with you.
You visited 3 branches of the dungeon, and saw 16 of its levels.
You visited the Abyss 1 time.
You also visited: Bailey.

You collected 975 gold pieces.
You spent 228 gold pieces at shops.

Inventory:

Missiles
 t - 3 throwing nets
 D - 7 atropa-tipped darts
Armour
 e - the +2 ratskin cloak (worn) {*Rats rPois rN+ Str-1 Int-1 Dex+1}
   (You found it on level 4 of the Dungeon)

   When the wearer is hurt, rats may emerge from it to assist them.
   Str:       It affects your strength (-1).
   Int:       It affects your intelligence (-1).
   Dex:       It affects your dexterity (+1).
   rPois:     It protects you from poison.
   rN:        It protects you from negative energy.
 m - a +2 robe of resistance (worn)
 K - the +2 shield of Resistance (worn) {rF++ rC++ Will++}
   (You acquired it on level 2 of the Lair of Beasts)

   rF:        It greatly protects you from fire.
   rC:        It greatly protects you from cold.
   Will:      It greatly increases your willpower.
Jewellery
 f - an amulet of guardian spirit (around neck)
 j - a +4 ring of protection (left claw)
 o - a ring of protection from cold
 u - the ring of the Burning Fool {Fire MP+9 Int+7}
   (You found it in a bailey)

   [ring of fire]

   It enhances your fire magic.
   Int:       It affects your intelligence (+7).
   rF:        It protects you from fire.
   rC:        It makes you vulnerable to cold.
   MP:        It affects your magic capacity (+9).
 y - an amulet of reflection
 E - a +4 ring of slaying (right claw)
 H - a ring of protection from fire
 M - the ring "Xosey" {Will+ Str+3}
   (You found it on level 3 of the Lair of Beasts)

   [ring of willpower]

   Str:       It affects your strength (+3).
   Will:      It increases your willpower.
Wands
 a - a wand of quicksilver (10)
 p - a wand of iceblast (23) (quivered)
 w - a wand of mindburst (23)
 z - a wand of flame (8)
 F - a wand of polymorph (5)
Scrolls
 h - 2 scrolls of amnesia
 i - 3 scrolls of torment
 r - 2 scrolls of blinking
 s - 3 scrolls of teleportation
 v - 5 scrolls of fear
 G - 2 scrolls of poison
 L - 2 scrolls of identify
 O - a scroll of enchant armour
Potions
 b - a potion of ambrosia
 c - 4 potions of might
 d - 2 potions of invisibility
 g - 3 potions of berserk rage
 k - 2 potions of brilliance
 l - a potion of cancellation
 n - 2 potions of haste
 q - 3 potions of lignification
 x - 2 potions of attraction
 A - a potion of resistance
 B - 2 potions of curing
 C - 2 potions of flight
 I - a potion of magic
 J - a potion of mutation


   Skills:
 + Level 9.7 Fighting
 + Level 8.2 Dodging
 + Level 10.5 Shields
 * Level 15.4 Unarmed Combat


You had 10 spell levels left.
You knew the following spells:

 Your Spells              Type           Power      Damage    Failure   Level
a - Blink                 Tloc           0%         N/A       77%         2

Your spell library contained the following spells:

 Spells                   Type           Power      Damage    Failure   Level
 Beastly Appendage        Tmut           0%         N/A       63%         1
 Magic Dart               Conj           0%         1d3       63%         1
 Call Imp                 Summ           0%         N/A       77%         2
 Cigotuvi's Dreadful Rot  Necr/Pois/Air  0%         N/A       77%         2
 Momentum Strike          Conj/Tloc      0%         3d8       77%         2
 Poisonous Vapours        Pois/Air       0%         N/A       77%         2
 Wereblood                Tmut           0%         N/A       77%         2
 Ignite Poison            Fire/Tmut/Pois 0%         N/A       94%         3
 Kindle Blastsparks       Fire/Tloc/Air  0%         2d10      94%         3
 Lesser Beckoning         Tloc           0%         N/A       94%         3
 Mephitic Cloud           Conj/Pois/Air  0%         N/A       94%         3
 Spider Form              Tmut/Pois      0%         N/A       94%         3
 Animate Armour           Summ/Erth      0%         N/A       100%        4
 Animate Dead             Necr           0%         N/A       100%        4
 Summon Ice Beast         Ice/Summ       0%         N/A       100%        4
 Blade Hands              Tmut           0%         N/A       100%        5
 Freezing Cloud           Conj/Ice/Air   0%         6-21      100%        5
 Summon Mana Viper        Hex/Summ       0%         N/A       100%        5
 Yara's Violent Unravell  Hex/Tmut       0%         3d3       100%        5
 Iron Shot                Conj/Erth      0%         9d1       100%        6
 Enfeeble                 Hex            0%         N/A       100%        7
 Haunt                    Necr/Summ      0%         N/A       100%        7
 Monstrous Menagerie      Summ           0%         N/A       100%        7
 Infestation              Necr           0%         N/A       100%        8


Dungeon Overview and Level Annotations

Branches:
Dungeon (12/15)            Temple (1/1) D:7            Lair (3/5) D:11
 Shoals (0/4) Lair:3       Spider (0/4) Lair:2       Bailey (visited)
    Orc: D:9-12

Altars:
Ashenzari
Cheibriados
Dithmenos
Elyvilon
Fedhas
Gozag
Hepliaklqana
Kikubaaqudgha
Makhleb
Nemelex Xobeh
Okawaru
Qazlal
Ru
Sif Muna
Trog
Uskayaw
Vehumet
Wu Jian
Xom
Yredelemnul
Zin
The Shining One

Shops:
D:1 [   D:11 ?

Annotations:
Lair:3 Sonja


Innate Abilities, Weirdness & Mutations

You are too large for most types of armour.
You have claws for hands.
Your natural rate of healing is unusually fast.
You are covered in fur. (AC +1)
You have tough skin. (AC +1)


Message History

You feel much better.
You block the profane servitor's attack.
The profane servitor hits you but does no damage.
The raiju barely misses you.
Your hell rat misses the raiju.
Unknown command.
Unknown command.
The profane servitor attacks as you move away!
The profane servitor hits you with a +1 whip!
* * * LOW HITPOINT WARNING * * *
The profane servitor draws strength from your injuries!
The profane servitor hits you with a +1 whip.
* * * LOW HITPOINT WARNING * * *
The profane servitor hits you but does no damage.
You block the profane servitor's attack.
Unknown command.
Unknown command.
Unknown command.
The profane servitor attacks as you move away!
The profane servitor hits you with a +1 whip.
* * * LOW HITPOINT WARNING * * *
The profane servitor draws strength from your injuries!
You block the profane servitor's attack.
The raiju attacks as you move away! The raiju bites you.
* * * LOW HITPOINT WARNING * * *
The raiju shocks you!
* * * LOW HITPOINT WARNING * * *
The profane servitor attacks as you move away!
You block the profane servitor's attack. x2
The heavenly storm settles.
You block the profane servitor's attack.
The profane servitor hits you with a +1 whip.
* * * LOW HITPOINT WARNING * * *
You partially resist.
You feel drained.
* * * LOW HITPOINT WARNING * * *
Unknown command.
Unknown command.
Unknown command.
You feel yourself speed up.
The profane servitor hits you with a +1 whip!
You die...

# ### ..
# .##..
##.# .
#..# .#
#..#
#..#
##§# #§+
#@+ ..
#A#
###..
#{h§.
... #☼
r#..##
#§☼☼ ..#
#h§§...#
#○§ ..
#☼§ ..
##
{☼§....


You could see a profane servitor and a raiju.

Vanquished Creatures
  A ghost moth (Lair:2)
  The ghost of borntocrawl the Slicer, a journeyman HuRe of Hepliaklqana (Lair:2)
  A fire dragon (Lair:1)
  Erica (D:8)
  A two-headed ogre (D:9)
  A death knight (D:9)
  2 death yaks (Lair:2)
  A boulder beetle (Lair:2)
  The ghost of voshxx the Spry, a journeyman DEFE of Sif Muna (Lair:1)
  Amaemon (Lair:1)
  Maurice (D:8)
  A black mamba (Lair:2)
  A smoke demon (Abyss:1)
  An orange demon (Abyss:1)
  7 cane toads
  A gargoyle (D:11)
  2 rime drakes (Lair:1)
  7 komodo dragons
  2 unseen horrors
  4 trolls
  4 merfolk (Lair:3)
  2 hornets
  3 raiju (Abyss:1)
  2 large abominations (Abyss:1)
  8 blink frogs
  3 jumping spiders (Lair:2)
  A culicivora (Lair:2)
  A shadow (D:9)
  39 yaks
  A chaos spawn (Abyss:1)
  A small abomination (Abyss:1)
  6 wyverns
  6 basilisks
  2 steam dragons
  Grum (Lair:1)
  3 redbacks (Lair:2)
  An acid dragon (D:11)
  11 water moccasins
  Duvessa (D:5)
  4 black bears
  6 orc warriors
  2 sky beasts (D:7)
  An ogre (D:6)
  14 wolves
  5 centaurs
  3 kobold brigands
  8 gnoll sergeants
  5 bullfrogs
  3 necrophages
  3 scorpions
  9 wights
  Dowan (D:5)
  3 killer bees (D:8)
  A crimson imp (Abyss:1)
  6 hounds
  7 gnoll boudas (Bailey)
  7 orc priests
  An iron imp (Abyss:1)
  7 iguanas
  11 orc wizards
  Robin (D:4)
  20 gnolls
  6 adders
  4 ufetubi
  2 worms
  29 orcs
  7 endoplasms
  4 giant cockroaches
  19 goblins
  7 hobgoblins
  15 kobolds
  3 quokkas
  12 ball pythons
  5 bats
  2 frilled lizards
  4 rats
  A butterfly (Lair:1)
382 creatures vanquished.

Vanquished Creatures (collateral kills)
  A death yak (Lair:2)
  An orange demon (Lair:1)
  2 raiju (Abyss:1)
  2 yaks
  A culicivora (Lair:2)
  A basilisk (D:11)
  A chaos spawn (Abyss:1)
  A wolf (Bailey)
  A phantom (D:5)
  2 gnoll sergeants (Bailey)
  2 wights (D:4)
  2 orc wizards
  An adder (D:6)
  A white imp (D:5)
  6 orcs
  A kobold (D:10)
26 creatures vanquished.

Vanquished Creatures (others)
  An orc wizard (D:10)
  An orc (D:8)
  9 fungi
  19 plants
  4 starspawn tentacles (Abyss:1)
34 creatures vanquished.

Grand Total: 442 creatures vanquished

Notes
Turn   | Place    | Note
-------+----------+-------------------------------------------
     0 | D:1      | Engwar the Troll Fighter began the quest for the Orb.
     0 | D:1      | Reached XP level 1. HP: 22/22 MP: 0/0
   150 | D:1      | Found Dops's Antique Armour Shop.
   160 | D:1      | Found a faded altar of an unknown god.
   182 | D:1      | Reached XP level 2. HP: 29/29 MP: 1/1
   787 | D:2      | Reached XP level 3. HP: 33/36 MP: 2/2
   805 | D:2      | Reached skill level 3 in Unarmed Combat
  1284 | D:3      | Reached XP level 4. HP: 40/45 MP: 3/3
  2013 | D:4      | Noticed a necrophage
  2021 | D:4      | Noticed a black bear
  2026 | D:4      | Killed a necrophage
  2027 | D:4      | Reached skill level 4 in Unarmed Combat
  2027 | D:4      | Reached XP level 5. HP: 38/52 MP: 4/4
  2043 | D:4      | Killed a black bear
  2044 | D:4      | Reached XP level 6. HP: 37/61 MP: 5/5
  2077 | D:4      | Found the +2 ratskin cloak {*Rats rPois rN+ Str-1 Int-1
                  | Dex+1}
  2078 | D:4      | Found a basalt altar of Yredelemnul.
  2254 | D:4      | Noticed Robin
  2272 | D:4      | Reached skill level 5 in Unarmed Combat
  2297 | D:4      | Killed Robin
  2425 | D:4      | Reached XP level 7. HP: 65/68 MP: 6/6
  2847 | D:5      | Entered Level 5 of the Dungeon
  2893 | D:5      | Reached skill level 6 in Unarmed Combat
  3105 | D:5      | Reached skill level 5 in Shields
  3105 | D:5      | Reached XP level 8. HP: 74/79 MP: 7/7
  3137 | D:5      | Reached skill level 7 in Unarmed Combat
  3234 | D:5      | Learned a level 2 spell: Blink
  3240 | D:5      | Found a basalt altar of Yredelemnul.
  3240 | D:5      | Noticed Dowan
  3241 | D:5      | Noticed Duvessa
  3255 | D:5      | Killed Dowan
  3265 | D:5      | Killed Duvessa
  3272 | D:5      | Found a glowing golden altar of the Shining One.
  3429 | D:5      | Noticed an angel
  3506 | D:6      | Reached skill level 5 in Fighting
  3569 | D:6      | Reached skill level 8 in Unarmed Combat
  3681 | D:6      | Found a hide-covered altar of Uskayaw.
  4102 | D:7      | Reached XP level 9. HP: 81/88 MP: 8/8
  4178 | D:7      | Found a flagged portal.
  4189 | Bailey   | Entered a bailey
  4421 | Bailey   | Reached skill level 9 in Unarmed Combat
  4798 | Bailey   | Identified the ring of the Burning Fool {Fire MP+9 Int+7}
  5088 | D:7      | Found a staircase to the Ecumenical Temple.
  5100 | D:7      | Reached skill level 10 in Unarmed Combat
  5107 | Temple   | Entered the Ecumenical Temple
  5204 | Temple   | Became a worshipper of the Wu Jian Council
  5504 | D:7      | Found an opulent altar of Gozag.
  5746 | D:7      | Reached XP level 10. HP: 94/100 MP: 9/9
  6005 | D:8      | Noticed Maurice
  6020 | D:8      | Killed Maurice
  6040 | D:8      | You fall into a shaft and drop 2 floors!
  6040 | D:10     | Entered Level 10 of the Dungeon
  6237 | D:8      | Identified the +0 leather armour "Dis Vuwn" {-Tele rPois
                  | rCorr Str+5}
  6300 | D:8      | Noticed Erica
  6324 | D:8      | Killed Erica
  6324 | D:8      | Reached * piety under Wu Jian
  6399 | D:8      | Reached skill level 11 in Unarmed Combat
  6732 | D:8      | Reached skill level 5 in Dodging
  6977 | D:9      | Noticed a death knight
  7096 | D:9      | Reached ** piety under Wu Jian
  7110 | D:9      | Reached XP level 11. HP: 78/109 MP: 10/10
  7392 | D:9      | Noticed a two-headed ogre
  7405 | D:9      | Killed a two-headed ogre
  7459 | D:9      | Reached skill level 12 in Unarmed Combat
  7651 | D:9      | Killed a death knight
  7847 | D:9      | Found a shadowy altar of Dithmenos.
  8084 | D:10     | Reached *** piety under Wu Jian
  8151 | D:10     | Found a shimmering altar of Xom.
  8454 | D:11     | HP: 3/111 [wyvern (6)]
  8524 | D:11     | Reached skill level 13 in Unarmed Combat
  8589 | D:11     | Found a staircase to the Lair.
  8631 | D:11     | Reached XP level 12. HP: 105/120 MP: 11/11
  8906 | D:11     | Found Wiapliso's Magic Scroll Shop.
  8909 | D:11     | Bought a scroll of enchant armour for 90 gold pieces
  8909 | D:11     | Bought a scroll of enchant armour for 90 gold pieces
  8909 | D:11     | Bought a scroll of poison for 48 gold pieces
  9000 | Lair:1   | Entered Level 1 of the Lair of Beasts
  9075 | Lair:1   | Reached **** piety under Wu Jian
  9098 | Lair:1   | Found an opulent altar of Gozag.
  9218 | Lair:1   | Noticed Grum
  9233 | Lair:1   | Killed Grum
  9256 | Lair:1   | Noticed Amaemon
  9266 | Lair:1   | Killed Amaemon
  9317 | Lair:1   | Found a transporter.
  9317 | Lair:1   | Noticed voshxx's ghost (journeyman DEFE)
  9372 | Lair:1   | Found a transporter.
  9458 | Lair:1   | Killed voshxx's ghost
  9588 | Lair:1   | Reached skill level 14 in Unarmed Combat
  9814 | Lair:1   | Noticed a fire dragon
  9833 | Lair:1   | Killed a fire dragon
  9862 | Lair:1   | Identified the +0 pair of boots of the Fife {Regen+ rCorr
                  | Str+4}
 10231 | Lair:2   | Noticed a death yak
 10231 | Lair:2   | Noticed a death yak
 10247 | Lair:2   | Killed a death yak
 10247 | Lair:2   | Noticed a death yak
 10255 | Lair:2   | Killed a death yak
 10266 | Lair:2   | Killed a death yak
 10349 | Lair:2   | Noticed a six-headed hydra
 10355 | Lair:2   | a six-headed hydra changed into something unseen
 10368 | Lair:2   | Killed a ghost moth
 10369 | Lair:2   | Reached skill level 10 in Shields
 10466 | Lair:2   | Found a hole to the Spider Nest.
 10497 | Lair:2   | Reached XP level 13. HP: 113/131 MP: 12/12
 10540 | Lair:2   | Found a transporter.
 10540 | Lair:2   | Noticed borntocrawl's ghost (journeyman HuRe)
 10561 | Lair:2   | Found a transporter.
 10571 | Lair:2   | Killed borntocrawl's ghost
 10598 | Lair:2   | Identified a scroll of acquirement
 10598 | Lair:2   | Acquired the +2 shield of Resistance {rF++ rC++ Will++}
 10598 | Lair:2   | Found the +2 shield of Resistance {rF++ rC++ Will++}
 11578 | Lair:3   | Reached skill level 15 in Unarmed Combat
 11615 | Lair:3   | Found a staircase to the Shoals.
 11781 | Lair:3   | Identified the ring "Xosey" {Will+ Str+3}
 11858 | Lair:3   | Reached ***** piety under Wu Jian
 11970 | Lair:3   | Identified the +5 scale mail "Bolykluf" {Str+6}
 12107 | Lair:3   | Noticed Sonja
 12129 | Abyss:1  | Cast into level 1 of the Abyss (Sonja)
 12153 | Abyss:1  | Noticed a starcursed mass
 12214 | Abyss:1  | Noticed a tentacled starspawn
 12239 | Abyss:1  | Found a radiant altar of Vehumet.
 12243 | Abyss:1  | Found a radiant altar of Vehumet.
 12243 | Abyss:1  | Noticed a blizzard demon
 12243 | Abyss:1  | Found a radiant altar of Vehumet.
 12674 | Abyss:1  | Noticed a profane servitor
 12685 | Abyss:1  | HP: 6/126 [profane servitor/+1 whip (1)]
 12686 | Abyss:1  | Mangled by a profane servitor

Illustrated notes

Levels and vault maps discovered:
D:1:      dpeg_arrival_short_road, layout_basic, serial_shops,
          nicolae_shop_advertising_works [nicolae_subvault_shop_adworks],
          serial_corexii_hall, corexii_hall_statues_l, corexii_hall_statues_l,
          chequers_ecumenical_altar_simple_redux
D:2:      layout_loops_cross, chequers_serial_rivers_small_a
D:3:      layout_loops_cross
D:4:      layout_loops_corners, minmay_ruined_shrine, uniq_robin
D:5:      layout_basic, grunt_temple_overflow_holy_war, uniq_duvessa
D:6:      layout_cave_pools, nicolae_uskayaw_murder_on_the_dancefloor
D:7:      layout_gridville, nicolae_gozag_seed_capital,
          minmay_temple_entry_statues_pillars, enter_bailey_2
D:8:      layout_loops_corners, uniq_maurice, uniq_erica
D:9:      layout_cave_pools, grunt_dithmenos_shadows, grunt_decor_fettered,
          minmay_circle_x
D:10:     layout_rooms, kennysheep_mini
D:11:     layout_basic, minmay_lair_entry_grove, serial_shops,
          kennysheep_mini_moat
D:12:     layout_irregular_city, orc_0_dummy, kennysheep_kite_vault
Temple:   minmay_temple_bridge_d
Lair:1:   dragon1_lemuel, layout_long_grid, gammafunk_ghost_arena, basic_altar,
          grunt_megastairs_3, lemuel_fruit_fields, uniq_grum, uniq_amaemon
Lair:2:   layout_chaotic_city, nicolae_spider_entry_tight_spaces,
          gauntlet_entry_generic, gammafunk_ghost_arena, grunt_megastairs_2
Lair:3:   layout_regular_city, elwin_shoals_entry_stream, beast_lair_carwin_11,
          infiniplex_staircase_pool, uniq_sonja
Abyss:1:  base: D:12, gammafunk_corrupted_shrine

Skill      XL: |  1  2  3  4  5  6  7  8  9 10 11 12 13 |
---------------+----------------------------------------+-----
Shields        | 3 4 5 6 7 9 10 | 10.5
Unarmed Combat | 3 4 5 6 8 10 11 13 14 15 | 15.4
Fighting       | 3 4 5 6 7 8 9 |  9.7
Dodging        | 3 5 6 7 8 |  8.2

Action                   |  1- 3 |  4- 6 |  7- 9 | 10-12 | 13-15 || total
-------------------------+-------+-------+-------+-------+-------++-------
Melee: Unarmed           |   100 |   154 |   345 |   630 |   212 ||  1441
Invok: Lunge             |       |       |       |    40 |    13 ||    53
       Whirlwind         |       |       |       |    22 |    14 ||    36
       Heavenly Storm    |       |       |       |       |     1 ||     1
Evoke: Wand              |       |       |       |     2 |       ||     2
  Use: Scroll            |     7 |     7 |     4 |    13 |     5 ||    36
       Potion            |       |       |     3 |     6 |     3 ||    12
 Stab: Sleeping          |     2 |       |       |     1 |       ||     3
       Distracted        |       |       |       |     1 |       ||     1
Armor: Robe              |    30 |    43 |   159 |   190 |    81 ||   503
Dodge: Dodged            |    27 |    38 |   132 |   146 |    48 ||   391
Block: Kite shield       |    44 |    61 |   228 |   418 |   112 ||   863
       Reflection        |       |       |       |    24 |       ||    24

Table legend: (Time is in decaauts)
 A = Elapsed time spent in this place.
 B = Non-inter-level travel time spent in this place.
 C = Inter-level travel time spent in this place.
 D = Time resting spent in this place.
 E = Time spent auto-exploring this place.
 F = Levels seen in this place.
 G = Mean time per level.
                   A        B        C        D        E       F      G
               +--------+--------+--------+--------+--------+-----+--------+
         Total |  12602 |  12038 |    564 |    524 |   7713 |  18 |  700.1 |
       Dungeon |   7984 |   7597 |    387 |    169 |   5573 |  12 |  665.3 |
        Temple |    169 |     74 |     95 |      0 |     65 |   1 |  169.0 |
          Lair |   3090 |   3008 |     82 |    180 |   1930 |   3 | 1030.0 |
         Abyss |    548 |    548 |      0 |     79 |      0 |   1 |  548.0 |
        Bailey |    809 |    809 |      0 |     96 |    144 |   1 |  809.0 |
               +--------+--------+--------+--------+--------+-----+--------+

Top non-repeatable levels by time:
  Lair:2: 1243 daAuts
  Lair:1: 1213 daAuts
     D:8: 1126 daAuts
     D:4: 1006 daAuts
     D:7: 872 daAuts
  Bailey: 809 daAuts
     D:9: 774 daAuts
    D:11: 693 daAuts
     D:2: 642 daAuts
     D:3: 635 daAuts
  Lair:3: 633 daAuts
     D:5: 622 daAuts
     D:1: 580 daAuts
 Abyss:1: 548 daAuts
    D:10: 519 daAuts
